AoeStats
← 一条固执的鱼

Nomad

505917711Analyzed
3v3 RM · 20d ago on Sep 11, 2026· 25m 10s· 6 players
Game mode
Random Map
Map size
210×210
Population
200
Speed
Normal
Resources
Standard
Victory
Conquest
Starting age
Dark Age
Ending age
Imperial Age
RankedLock teamsTeams togetherTeam positionsShared explorationLock speedFull tech treeHidden civsTurbo modeCheats
Victory
Defeat
🇸🇰 Italians · Slovakia
1207
+17
🇩🇪 Tatars · Germany
1178
+18
🇳🇱 Khmer · Netherlands
1176
+18
🇨🇳 Portuguese · China
1234
-18
🇨🇳 Vietnamese · China
1227
-18
🇨🇳 Mongols · China
1216
-17
N3znamy
13:53 Feudal Age
12:10 Loom
18:13 Castle Age
16:53 Double-Bit Axe
21:47 Wheelbarrow
Sappy22
4:40 Loom
13:29 Feudal Age
15:02 Wheelbarrow
18:37 Castle Age
16:25 Double-Bit Axe
17:22 Fishing Lines
19:06 Fletching
19:59 Medium Warships
20:08 Bodkin Arrow
21:31 Demolition Ship
benelix
4:23 Loom
13:51 Feudal Age
14:23 Double-Bit Axe
15:15 Fishing Lines
20:54 Castle Age
19:25 Bloodlines
19:38 Scale Barding Armor
20:16 Horse Collar
20:51 Forging
24:41 Wheelbarrow
809591945
5:15 Loom
14:12 Feudal Age
14:41 Town Watch
15:53 Double-Bit Axe
18:30 Fletching
22:00 Castle Age
22:07 Padded Archer Armor
22:40 Bodkin Arrow
22:08 Crossbowman
25:22 Ballistics
沉着 冷静
9:38 Loom
12:46 Feudal Age
16:39 Castle Age
15:03 Double-Bit Axe
17:51 Medium Warships
19:35 Fletching
20:27 Bow Saw
21:34 Bodkin Arrow
22:26 Horse Collar
24:14 Padded Archer Armor
一条固执的鱼
5:48 Loom
14:40 Feudal Age
16:50 Wheelbarrow
19:06 Town Watch
22:46 Castle Age
21:12 Double-Bit Axe
21:19 Gold Mining
21:20 Stone Mining
21:58 Horse Collar
24:18 Medium Warships
Connection lost

Rejoining the realm…

Still unreachable

The connection could not be restored.

Session expired

The server has moved on; the page needs a fresh start.